 Dungeon Crawl Stone Soup version 0.32-a0-441-gaf4921d101 (webtiles) character file.

Game seed: 14421566662646551221

3001259 riceblast the Acrobat (level 27, 270/270 (271) HPs)
             Began as an Octopode Wanderer on Feb 22, 2024.
             Was the Champion of Yredelemnul.
             Escaped with the Orb
             ... and 4 runes
             ... and 1 gem on Feb 23, 2024!
             The game lasted 01:29:13 (49375 turns).

riceblast the Acrobat (Octopode Wanderer)          Turns: 49375, Time: 01:29:14

HP:   270/270 (271) AC: 31    Str: 13    XL:     27
MP:   40/40         EV: 60    Int: 15    God:    Yredelemnul [******]
Gold: 524           SH: 28    Dex: 52    Spells: 26/42 levels left

rFire   + + +        W - +8 Vampire's Tooth {megavamp}
rCold   . . .        k - +5 Storm Queen's Shield {shock, Fly rElec}
rNeg    + + .        p - +2 hat
rPois   ∞            g - amulet of regeneration
rElec   +            y - +6 ring of dexterity
rCorr   .            E - ring of willpower
SInv    .            H - +6 ring of dexterity
Will    +++..        b - +6 ring of dexterity
Stlth   ++++         V - ring of the Octopus King {Wiz HP+2 AC+2 EV+2 SH+2}
HPRegen 1.45/turn    v - ring "Wiohehex" {rF+++ rN+ MP+9 Str-3 Dex+2}
MPRegen 0.27/turn    z - +6 ring of dexterity
                     Y - +6 ring of dexterity

%: wizardry (x1)
@: statue-form, flying, wreathed by umbra, lightly drained, very slow
A: slow and powerful, torment resistance 1, boosted hp, almost no armour,
amphibious, 8 rings, camouflage 1, (gelatinous body 1), (nimble swimmer 1),
tentacles, tentacle spike 1, low MP 1
0: Orb of Zot
}: 4/15 runes: serpentine, barnacled, silver, abyssal
a: Begin Untransformation, Renounce Religion, Light the Black Torch, Recall
Undead Harvest, Hurl Torchlight, Bind Soul, Fathomless Shackles


You escaped.
You worshipped Yredelemnul.
Yredelemnul was aware of your devotion.
You were a living statue of rough stone.
You visited 9 branches of the dungeon, and saw 47 of its levels.
You visited the Abyss 1 time.
You visited 1 bazaar.
You also visited: Ice Cave and Volcano.

You collected 8086 gold pieces.
You spent 7562 gold pieces at shops.

Inventory:

Hand Weapons
 i - a +9 rapier of freezing
 A - the +5 double sword "Vafaen Acemp" {distort, rCorr Stlth+}
   (You took it off an orc warlord on level 12 of the Dungeon)

   rCorr:     It protects you from acid and corrosion.
   Stlth+:    It makes you more stealthy.
 W - the +8 Vampire's Tooth (weapon) {megavamp}
   (You bought it in a shop on level 9 of the Dungeon)
Missiles
 N - 7 throwing nets {!f}
Armour
 k - the +5 Storm Queen's Shield (worn) {shock, Fly rElec}
   (You took it off a deep elf high priest on level 3 of the Elven Halls)

   Shock:     When it blocks an attack, it may electrocute the attacker.
   This works even against foes who are a short distance away.
   rElec:     It insulates you from electricity.
   Fly:       It grants you flight.
 p - a +2 hat (worn)
Jewellery
 b - a +6 ring of dexterity (on tentacle)
 c - a ring of willpower
 g - an amulet of regeneration (around mantle)
 s - the amulet "Jiov" {Acrobat Str+4 Dex+3}
   (You took it off a deep elf elementalist on level 3 of the Elven Halls)

   [amulet of the acrobat]

   Acrobat:   It increases your evasion while moving and waiting.
   Str+4:     It affects your strength (+4).
   Dex+3:     It affects your dexterity (+3).
 v - the ring "Wiohehex" (on tentacle) {rF+++ rN+ MP+9 Str-3 Dex+2}
   (You found it on level 4 of the Shoals)

   [ring of positive energy]

   Str-3:     It affects your strength (-3).
   Dex+2:     It affects your dexterity (+2).
   rF+++:     It renders you almost immune to fire.
   rN+:       It protects you from negative energy.
   MP+9:      It affects your magic capacity (+9).
 y - a +6 ring of dexterity (left tentacle)
 z - a +6 ring of dexterity (on tentacle)
 E - a ring of willpower (right tentacle)
 H - a +6 ring of dexterity (on tentacle)
 I - a ring of protection from cold
 K - a ring of resist corrosion
 M - the ring "Zaraxory" {Int+2 SInv}
   (You took it off a centaur warrior on level 10 of the Dungeon)

   [ring of see invisible]

   Int+2:     It affects your intelligence (+2).
   SInv:      It lets you see invisible.
 V - a ring of the Octopus King (on tentacle) {Wiz HP+2 AC+2 EV+2 SH+2}
   (You took it off a deep elf zephyrmancer on level 3 of the Elven Halls)

   [ring of wizardry]

   Wiz:       It improves your spell success rate.
   AC+2:      It affects your AC (+2).
   EV+2:      It affects your evasion (+2).
   HP+2:      It affects your health (+2).
   SH+2:      It affects your SH (+2).
 Y - a +6 ring of dexterity (on tentacle)
Talismans
 F - a granite talisman (active)
Wands
 f - a wand of acid (44) {@v1}
 B - a wand of paralysis (72)
 L - a wand of roots (30)
Scrolls
 a - 7 scrolls of blinking {@r4}
 e - 12 scrolls of fear
 h - 2 scrolls of immolation
 o - 7 scrolls of enchant armour
 q - a scroll of brand weapon
 r - 14 scrolls of teleportation {@r3}
 G - a scroll of torment
 J - 4 scrolls of silence
 U - 10 scrolls of fog
 X - 2 scrolls of butterflies
Potions
 d - 29 potions of curing {@q1}
 j - 12 potions of heal wounds {@q2}
 m - 10 potions of mutation
 t - 2 potions of might {@q3}
 u - 4 potions of invisibility
 w - 7 potions of haste {@q4}
 x - 11 potions of cancellation
 C - 10 potions of lignification
 D - 3 potions of magic
 O - 2 potions of ambrosia
 Q - 5 potions of enlightenment
 S - 4 potions of resistance {@q5}
Miscellaneous
 l - a condenser vane
 n - a phial of floods
 P - a box of beasts (inert)
 R - a phantom mirror
 T - a lightning rod (4/4)


   Skills:
 - Level 22.0 Fighting
 * Level 17.9 Short Blades
 - Level 5.9(6.2) Axes
 - Level 3.0(4.8) Maces & Flails
 - Level 23.0 Dodging
 - Level 7.0 Stealth
 - Level 15.0 Shields
 - Level 8.0 Spellcasting
 + Level 10.8 Translocations
 - Level 6.0 Air Magic
 - Level 5.0 Earth Magic
 - Level 10.0 Invocations
 + Level 15.2 Evocations
 - Level 16.0 Shapeshifting


You had 26 spell levels left.
You knew the following spells:

 Your Spells              Type           Power      Damage    Failure   Level
a - Blink                 Tloc           76%        N/A       1%          2
b - Borgnjor's Vile Clut  Necr/Erth      6%         N/A       61%         5
c - Apportation           Tloc           76%        N/A       1%          1
d - Manifold Assault      Tloc           38%        N/A       1%          4
e - Vhi's Electric Charg  Tloc/Air       62%        N/A       2%          4

Your spell library contained the following spells:

 Spells                   Type           Power      Damage    Failure   Level
 Sandblast                Erth           42%        2d11      1%          1
 Lesser Beckoning         Tloc           76%        N/A       1%          2
 Gell's Gravitas          Tloc           38%        N/A       1%          3
 Teleport Other           Tloc           38%        N/A       1%          3
 Shock                    Conj/Air       60%        1d6       2%          1
 Swiftness                Air            24%        N/A       2%          3
 Static Discharge         Conj/Air       30%        3-5/arc   4%          2
 Cigotuvi's Dreadful Rot  Necr/Alch/Air  24%        N/A       6%          2
 Airstrike                Air            12%        2d(2-18)  8%          4
 Magic Dart               Conj           24%        1d4       9%          1
 Necrotise                Necr           24%        1d5       9%          1
 Slow                     Hex            24%        N/A       9%          1
 Sting                    Conj/Alch      24%        1d4       9%          1
 Summon Small Mammal      Summ           24%        N/A       9%          1
 Stone Arrow              Conj/Erth      26%        3d8       10%         3
 Call Imp                 Summ           12%        N/A       13%         2
 Jinxbite                 Hex            12%        N/A       13%         2
 Scorch                   Fire           12%        2d5       13%         2
 Searing Ray              Conj           12%        2d4       13%         2
 Dispersal                Tloc           19%        N/A       16%         6
 Call Canine Familiar     Summ           6%         N/A       26%         3
 Confusing Touch          Hex            6%         N/A       26%         3
 Fugue of the Fallen      Necr           6%         N/A       26%         3
 Inner Flame              Hex/Fire       6%         N/A       26%         3
 Ozocubu's Armour         Ice            6%         N/A       26%         3
 Sigil of Binding         Hex            6%         N/A       26%         3
 Summon Ice Beast         Ice/Summ       6%         N/A       26%         3
 Vampiric Draining        Necr           6%         2d6       26%         3
 Summon Lightning Spire   Summ/Air       15%        N/A       26%         4
 Summon Forest            Summ/Tloc      11%        N/A       26%         5
 Brom's Barrelling Bould  Conj/Erth      13%        2d4       30%         4
 Leda's Liquefaction      Alch/Erth      6%         N/A       30%         4
 Lee's Rapid Deconstruct  Erth           10%        3d8*      30%         5
 Arcjolt                  Conj/Air       7%         1d17      54%         5
 Flame Wave               Conj/Fire      6%         2d5       61%         4
 Fulminant Prism          Conj/Alch      3%         3d5       61%         4
 Ignite Poison            Fire/Alch      6%         N/A       61%         4
 Martyr's Knell           Necr/Summ      6%         N/A       61%         4
 Sticky Flame             Fire/Alch      6%         2d4       61%         4
 Summon Blazeheart Golem  Fire/Summ      6%         N/A       61%         4
 Freezing Cloud           Conj/Ice/Air   6%         6-21      69%         5
 Curse of Agony           Necr           6%         N/A       91%         5
 Fireball                 Conj/Fire      3%         3d4       91%         5
 Iskenderun's Battlesphe  Conj           6%         2d6       91%         5
 Conjure Ball Lightning   Conj/Air       7%         3x3d6     98%         6
 Bombard                  Conj/Erth      6%         9d2       99%         6
 Summon Cactus Giant      Summ           3%         N/A       100%        6
 Enfeeble                 Hex            3%         N/A       100%        7
 Malign Gateway           Summ/Tloc      11%        N/A       100%        7
 Orb of Destruction       Conj           3%         9d5       100%        7
 Spellforged Servitor     Conj/Summ      3%         N/A       100%        7
 Summon Hydra             Summ           3%         N/A       100%        7
 Maxwell's Capacitive Co  Air            12%        ∞         100%        8
 Summon Horrible Things   Summ           3%         N/A       100%        8
 Dragon's Call            Summ           3%         N/A       100%        9
 Sublimation of Blood     Necr           Unusable   N/A       N/A         2
 Animate Armour           Summ/Erth      Unusable   N/A       N/A         4
 Animate Dead             Necr           Unusable   N/A       N/A         4
 Death Channel            Necr           Unusable   N/A       N/A         6

Dungeon Overview and Level Annotations

Branches:
Dungeon (15/15)            Temple (0/1) D:4            Lair (5/5) D:9
 Shoals (4/4) Lair:3        Snake (4/4) Lair:2        Slime (0/5) Lair:5
    Orc (2/2) D:12            Elf (3/3) Orc:2        Vaults (5/5) D:13
  Crypt (0/3) Vaults:2     Depths (4/4) D:15            Zot (5/5) Depths:4
  IceCv (visited)         Volcano (visited)

Altars:
Cheibriados
Dithmenos
Elyvilon
Fedhas
Gozag
Hepliaklqana
Kikubaaqudgha
Okawaru
Qazlal
Ru
Uskayaw
Vehumet
Yredelemnul
Zin
The Shining One
Beogh
Jiyva
Lugonu

Shops:
D:2 [   D:9 (   D:14 =   Orc:2 =(:[*   Shoals:1 (   Snake:1 [   Snake:2 =:=
Snake:4 :   Vaults:1 ((   Vaults:2 ?   Vaults:5 !==:(?!!   Depths:4 [

Portals:
Hell: Depths:1 Depths:2 Depths:3 Depths:4
Abyss: Lair:5 Depths:3 Depths:4
Pandemonium: Depths:2
Ziggurat: Depths:2
Trove: D:12 (give +5 demon blade)

Annotations:
D:4 exclusion: jelly
Lair:3 exclusion: 3 oklob plants
Elf:2 4 runed translucent doors, Yphese Lihe's ghost, adept MiFi


Innate Abilities, Weirdness & Mutations

You are a living statue of rough stone.
Your actions are slow, but your melee attacks are powerful.
You are resistant to unholy torment.
Your maximum health is greatly increased.
You cannot wear most types of armour.
You are amphibious.
You can wear up to eight rings at the same time.
You are immune to poison.
Your skin changes colour to match your surroundings (Stealth+).
((Your rubbery body absorbs attacks. (AC +1, EV +1)))
((You are camouflaged when in or above water. (Stealth+)))
You have tentacles for arms and can constrict up to eight enemies at once.
One of your tentacles bears a spike.
Your magical capacity is low. (-10% MP)


Message History

HP restored.
There is a shaft here.
A hellion comes into view.
Aiming: Vhi's Electric Charge (mildly dangerous; 2% risk of failure)
Press: ? - help, Q - select action, (/) - cycle Shift-Dir - straight line, f - hellion
Aim: a hellion (ally target, umbra, 91% to hit)
You charge forward with an electric crackle!
You closely miss the hellion. You grab the hellion.
You pierce the hellion.
You puncture the hellion!
You pierce the hellion, but do no damage.
You constrict the hellion! The hellion gestures at you.
The sphere of damnation explodes!
The damnation engulfs you!
The damnation engulfs the hellion.
The hellion completely resists.
The hellion gestures at your hell hog zombie.
The sphere of damnation explodes!
The damnation engulfs your hell hog zombie!!
The damnation engulfs you!
You strike the helpless hellion from behind!
You spit the hellion like a pig!!!
You kill the hellion!
With your torch unlit, their soul goes wasted...
A black mist starts to gather...
What level of the Dungeon? (default 1, ? - help) Magic restored.
There is a stone staircase leading up here.
You fly upwards.
Your mindless puppets stay behind to rot.
There is a stone staircase leading down here.
An Orb Guardian comes into view.
There is an escape hatch in the ceiling here.
A mysterious force pulls you upwards. The hatch slams shut behind you.
What level of the Dungeon? (default 1, ? - help) You're already here!
A shadow demon comes into view.
Unknown command.
Blink to where?
Press: ? - help, Dir - move target
As you read the scroll of blinking {@r4}, it crumbles to dust.
You have escaped!

# #...#......# #...# #.....
#####...#......#######...# #.....
....+.....#..........'...###....#
#...#..÷###..2.......#...........
#...#.....#..#.....#.##.........#
###..........#.....#.###.........
# #.#........#.....#.# #......#.#
# #.###......#.....#.# #......#.#
###)....(....#..I..#.# #......#..
.............#.....#.# #......#..
.............#.....#.# #.#####...
.............#.....#.###.####...#
.............#.....#...#.#.......
.......................#.).......
............#######........###.##
..########..# #####......#.#
.......###..###### #...÷...#'##


You could see a shadow demon.

Vanquished Creatures
  A pandemonium lord (Zot:5)
  7 dread liches
  3 orbs of fire (Zot:5)
  5 ancient liches
  Xtahua (Vaults:3)
  Sojobo (Depths:2)
  2 Killer Klowns (Zot:5)
  3 caustic shrikes (Depths:4)
  2 curse toes (Zot:2)
  Vashnia (Snake:2)
  6 golden dragons
  the Enchantress (Depths:1)
  Norris (Depths:1)
  A bone dragon (Depths:4)
  An electric golem (Zot:5)
  Jorgrun (Elf:1)
  An Ice Fiend (D:15)
  A walking crystal tome (Depths:4)
  2 liches (Vaults:5)
  5 tentacled monstrosities
  23 Orb Guardians
  3 titans (Vaults:5)
  2 deep elf master archers (Elf:3)
  A quicksilver dragon (Zot:5)
  A deep elf blademaster (Elf:3)
  A walking frostbound tome (Depths:2)
  A death cob (Zot:2)
  8 sphinxes
  An ancient champion (Depths:4)
  Kirke (Lair:3)
  3 shadow dragons
  2 tengu reavers (Depths:2)
  7 storm dragons
  4 nagarajas (Snake:4)
  2 draconian monks
  A demonspawn warmonger (Depths:2)
  5 fire giants
  5 draconian knights
  An iron dragon (Depths:3)
  5 frost giants
  9 deep elf sorcerers
  9 vault wardens
  5 deep elf elementalists (Elf:3)
  5 draconian scorchers
  2 balrugs
  2 ghost moths
  3 orc warlords
  A draconian shifter (Zot:1)
  A spectral juggernaut (Depths:1)
  5 spriggan defenders
  3 draconian stormcallers
  17 ironbound preservers
  A reaper (Depths:2)
  A draconian annihilator (Zot:1)
  11 stone giants
  2 demonspawn blood saints
  17 very ugly things
  3 vampire knights
  An ironbound thunderhulk (Vaults:1)
  2 formless jellyfish
  5 green draconians
  4 deep elf demonologists
  13 dire elephants
  A starcursed mass (Abyss:3)
  2 deep elf annihilators (Elf:3)
  2 yellow draconians
  2 purple draconians
  2 red draconians (Zot:1)
  4 deep elf death magi (Elf:3)
  A bunyip (Zot:5)
  4 black draconians
  7 spark wasps
  5 white draconians
  A blizzard demon (Zot:2)
  2 merfolk javelineers
  7 merfolk impalers
  Snorg (D:12)
  11 yaktaur captains
  8 ettins
  6 fire dragons
  7 deep elf high priests
  8 great orbs of eyes
  4 rakshasas
  The ghost of ongoing the Skirmisher, a journeyman CoHu of Ru (D:10)
  6 hydras
  15 vault guards
  An ogre mage (D:12)
  3 catoblepae
  4 spriggan air magi
  20 centaur warriors
  5 ice dragons
  A hell beast (Depths:4)
  5 ironbound frosthearts
  A merfolk avatar (Shoals:4)
  4 boulder beetles
  A sphinx zombie (D:15)
  An anaconda (shapeshifter) (Vaults:5)
  A merfolk aquamancer (Shoals:4)
  2 alligator snapping turtles (Shoals:4)
  11 anacondas
  13 dancing weapons
  A death knight (D:13)
  11 two-headed ogres
  10 naga warriors
  4 death yaks (Lair:5)
  A torpor snail (shapeshifter) (Vaults:5)
  6 deep troll shamans
  A satyr (Shoals:4)
  2 tengu warriors
  A vampire mage (Depths:2)
  8 deep troll earth magi
  An occultist (Depths:3)
  3 orc high priests (Orc:2)
  Urug (Lair:5)
  5 spriggan berserkers
  A sphinx skeleton (Depths:2)
  A hell hog (D:3)
  5 thrashing horrors
  2 sun demons
  6 shock serpents
  10 naga sharpshooters
  15 deep elf knights
  2 hell knights
  3 skysharks
  12 iron trolls
  A spectral spark wasp (Depths:4)
  48 deep trolls
  2 flayed ghosts
  3 skeletal warriors
  A sea snake (shapeshifter) (Elf:2)
  2 spark wasp zombies
  A sixfirhy (Depths:2)
  A quicksilver dragon simulacrum (Depths:4)
  A golden dragon zombie (Depths:2)
  A spriggan rider (Depths:3)
  5 salamander mystics
  15 sea snakes
  3 glowing orange brains
  2 orange crystal statues
  8 arcanists
  2 bog bodies (IceCv)
  8 mana vipers
  A mana viper (shapeshifter) (Elf:1)
  12 deep elf archers
  7 ironbound convokers
  5 phantasmal warriors
  7 lindwurms
  11 orc knights
  12 harpies
  4 necromancers
  3 naga ritualists
  22 deep elf pyromancers
  12 deep elf zephyrmancers
  A stone giant zombie (Depths:1)
  4 orc sorcerers (Orc:2)
  10 fauns
  11 salamanders
  50 ugly things
  11 manticores
  8 moths of wrath
  16 cyclopes
  13 elephants
  7 merfolk sirens
  2 black mambas (shapeshifter)
  12 vault sentinels
  2 smoke demons
  18 black mambas
  3 water nymphs
  3 kobold blastminers
  6 guardian serpents
  A cane toad (shapeshifter) (Elf:3)
  7 naga magi
  4 gargoyles
  2 large abominations (Abyss:3)
  2 molten gargoyles (Volcano)
  6 cane toads
  2 unseen horrors
  2 hellions
  3 tengu conjurers
  A tormentor (Abyss:3)
  5 rime drakes
  6 freezing wraiths
  29 yaktaurs
  10 komodo dragons
  A kobold demonologist (D:12)
  A polar bear (shapeshifter) (Abyss:3)
  A hellwing (D:15)
  20 merfolk
  9 trolls
  3 polar bears
  2 red devils (Zot:5)
  2 hornets
  A snapping turtle (shapeshifter) (Vaults:1)
  2 glass eyes
  7 wind drakes
  12 blink frogs
  A raiju (Lair:5)
  7 dream sheep
  21 slime creatures
  6 snapping turtles
  2 spriggan skeletons
  2 centaur simulacra (D:12)
  8 water elementals
  A vampire (D:14)
  2 wraiths (D:12)
  46 yaks
  5 spriggans
  3 wyverns
  A shadow (D:11)
  A ynoxinul (D:8)
  2 dire elephant simulacra (IceCv)
  A hog (Lair:3)
  A fire elemental (Elf:2)
  A warg (Orc:2)
  6 basilisks
  2 golden eyes
  A warg (shapeshifter) (Lair:5)
  A vampire mosquito (D:10)
  A steam dragon (D:8)
  4 death yak simulacra
  6 redbacks
  22 nagas
  A harpy simulacrum (IceCv)
  2 chaos spawn (Lair:5)
  3 acid dragons
  A hydra simulacrum (IceCv)
  8 small abominations
  An acid dragon (shapeshifter) (Lair:5)
  10 water moccasins
  2 hell hounds (Volcano)
  An ice beast (D:7)
  26 orc warriors
  4 black bears
  2 laughing skulls (D:13)
  16 wolves
  10 centaurs
  7 ogres
  3 phantoms
  3 kobold brigands
  Blork the orc (D:4)
  7 bullfrogs
  A warg zombie (Orc:2)
  2 gnoll sergeants
  2 cane toad simulacra
  3 two-headed ogre simulacra (IceCv)
  2 scorpions (D:5)
  An earth elemental (Elf:2)
  7 wights
  8 killer bees
  An elephant simulacrum (IceCv)
  2 howler monkeys (D:12)
  5 electric eels (D:11)
  A lava snake (Volcano)
  A bombardier beetle (D:6)
  2 hounds (D:5)
  A jelly (D:6)
  21 orc priests
  A gnoll bouda (D:6)
  A sleepcap (D:5)
  Natasha (thrice) (D:4)
  5 iguanas
  19 orc wizards
  4 spectral orcs (Orc:2)
  7 spriggan simulacra (IceCv)
  8 troll simulacra (IceCv)
  3 wolf simulacra (IceCv)
  A boggart simulacrum (D:15)
  Robin (D:3)
  22 gnolls
  12 orc zombies (Orc:2)
  7 adders
  6 naga simulacra (IceCv)
  5 white imps
  5 ufetubi
  A ribbon worm (D:3)
  49 orcs
  4 endoplasms
  4 giant cockroaches
  14 goblins
  7 hobgoblins
  3 jackals (D:1)
  5 quokkas
  2 training dummies (Shoals:1)
  7 ball pythons
  8 bats
  4 frilled lizards (D:1)
  15 kobolds
  5 rats
  3 tentacles (Shoals:4)
1618 creatures vanquished.

Vanquished Creatures (collateral kills)
  An ancient lich (Vaults:5)
  2 dread liches (Vaults:5)
  Josephina (Depths:4)
  2 Killer Klowns (Zot:5)
  A lich (Depths:4)
  A tentacled monstrosity (Zot:5)
  5 Orb Guardians (Zot:5)
  3 titans (Vaults:5)
  A sphinx (Vaults:5)
  A quicksilver dragon (Vaults:5)
  2 krakens (Shoals:4)
  A death cob (Zot:5)
  2 tengu reavers
  Aizul (Shoals:2)
  A storm dragon (Zot:5)
  4 shadow dragons
  A protean progenitor (Zot:5)
  A draconian shifter (Zot:5)
  A draconian knight (Zot:5)
  2 nagarajas (Snake:4)
  2 fire giants
  A ghost moth (Zot:2)
  2 frost giants
  3 vault wardens (Vaults:3)
  A draconian scorcher (Zot:3)
  2 deep elf sorcerers
  4 draconian annihilators
  2 formless jellyfish
  2 orc warlords
  4 stone giants
  8 ironbound preservers
  2 ironbound thunderhulks (Vaults:2)
  2 very ugly things
  3 green draconians
  A war gargoyle (Vaults:5)
  7 dire elephants
  2 deep elf demonologists
  A purple draconian (Zot:5)
  2 yellow draconians (Zot:3)
  A bunyip (Zot:5)
  A deep elf annihilator (Vaults:5)
  2 black draconians
  A red draconian (Zot:3)
  A spark wasp (Depths:4)
  2 ettins
  A merfolk impaler (Shoals:2)
  3 yaktaur captains (Vaults:5)
  13 vault guards (Vaults:5)
  An entropy weaver (Vaults:3)
  A great orb of eyes (Vaults:1)
  An ice dragon (Depths:1)
  4 ogre magi
  An ironbound frostheart (Vaults:1)
  A juggernaut simulacrum (Depths:2)
  3 spriggan air magi
  A merfolk avatar (Shoals:4)
  A catoblepas (Lair:2)
  7 centaur warriors
  An anaconda (Snake:1)
  3 satyrs (Shoals:4)
  5 two-headed ogres
  3 deep troll shamans (Depths:2)
  A tengu warrior (D:12)
  A deep troll earth mage (Depths:3)
  2 death yaks (Lair:5)
  Nergalle (D:12)
  A hell knight (Vaults:5)
  A shock serpent (Snake:4)
  2 skysharks
  Sonja (Lair:5)
  The ghost of fly the Covert, a novice KoDe (D:8)
  A naga sharpshooter (Snake:4)
  An iron troll (Depths:2)
  A skeletal warrior (D:15)
  An orb spider (shapeshifter) (Vaults:5)
  20 deep trolls
  2 glowing orange brains
  A naga ritualist (Snake:1)
  2 arcanists (Vaults:1)
  2 deep elf archers (Elf:1)
  2 sea snakes
  4 ironbound convokers
  A phantasmal warrior (Vaults:5)
  A flayed ghost (Depths:2)
  2 orc knights (Vaults:1)
  7 harpies
  2 deep elf zephyrmancers
  A lindwurm (Vaults:2)
  5 deep elf pyromancers
  A frost giant zombie (Depths:2)
  6 ugly things
  3 fauns
  A manticore (Shoals:4)
  3 moths of wrath
  4 salamanders
  5 cyclopes
  A mana viper (shapeshifter) (Vaults:5)
  A moth of wrath (shapeshifter) (Vaults:5)
  5 vault sentinels
  5 elephants
  11 black mambas
  8 slime creatures
  A titan simulacrum (Depths:4)
  A manticore (shapeshifter) (Vaults:5)
  2 guardian serpents (Snake:2)
  7 naga magi
  An eye of devastation (Lair:5)
  A smoke demon (Lair:5)
  A gargoyle (D:12)
  A cane toad (Lair:2)
  2 yaktaurs
  2 rime drakes (Lair:4)
  A freezing wraith (D:12)
  2 komodo dragons
  5 merfolk
  A shadow dragon simulacrum (Depths:4)
  A troll (D:12)
  2 polar bears
  A wind drake (Shoals:2)
  6 blink frogs (Lair:5)
  3 raiju
  2 snapping turtles
  3 dream sheep
  A shadow (D:11)
  2 wyverns
  2 wraiths
  A water elemental (Elf:2)
  2 hogs (Lair:3)
  A yak (shapeshifter) (D:14)
  5 basilisks
  13 yaks
  Eustachio (D:6)
  2 vampire mosquitoes
  A redback (Vaults:3)
  13 nagas
  3 acid dragons
  A two-headed ogre zombie (Vaults:5)
  A deep troll zombie (Vaults:1)
  A hell hound (Volcano)
  2 water moccasins (Lair:5)
  2 black bears
  6 orc warriors
  A blink frog zombie (Lair:5)
  A small abomination (Lair:5)
  A sky beast (D:7)
  3 ogres
  2 centaurs
  3 wolves
  A boggart (Vaults:1)
  2 kobold brigands
  A gnoll sergeant (D:12)
  3 bullfrogs
  A scorpion (D:5)
  2 wights (D:9)
  13 killer bees
  2 electric eels
  A jelly (D:6)
  5 orc priests
  A sleepcap (D:6)
  A spriggan simulacrum (IceCv)
  A gnoll (D:6)
  2 river rats (Lair:1)
  A dart slug (D:5)
  13 orcs
  An endoplasm (D:3)
  A goblin (D:3)
  7 kobolds
  A training dummy (Shoals:1)
  A frilled lizard (D:3)
  4 tentacles (Shoals:4)
446 creatures vanquished.

Vanquished Creatures (others)
  A spectral demigod (Vaults:5)
  A draconian knight (Depths:4)
  3 spectral tentacled monstrosities
  A Killer Klown zombie (Zot:5)
  8 very ugly thing zombies
  2 quicksilver dragon zombies
  2 kraken zombies (Shoals:4)
  4 sphinx zombies
  8 spriggan zombies
  A juggernaut simulacrum (Depths:4)
  9 Orb Guardian zombies
  2 tengu zombies (Depths:2)
  4 fire dragon zombies
  3 storm dragon zombies
  2 titan zombies (Vaults:5)
  A deep troll (Depths:2)
  2 spark wasp zombies (Depths:4)
  A ghost moth zombie (Zot:2)
  5 anaconda zombies
  2 shadow dragon zombies
  7 ugly thing zombies
  A deep elf zephyrmancer (Elf:1)
  3 frost giant zombies
  2 spectral ogres
  6 draconian zombies
  3 stone giant zombies
  A formless jellyfish zombie (Vaults:1)
  2 shock serpent zombies (Snake:4)
  6 centaur zombies
  A mana viper zombie (Snake:4)
  3 dire elephant zombies
  A naga mage (Snake:3)
  2 red draconian zombies (Zot:1)
  A white draconian zombie (Depths:4)
  A spectral rakshasa (Depths:3)
  A death yak zombie (Lair:5)
  A yellow draconian zombie (Zot:2)
  An unseen horror zombie (D:12)
  2 green draconian zombies
  5 redback zombies
  A sea snake zombie (Snake:4)
  3 great orb of eyes zombies
  4 spectral harpies
  A spectral faun (Shoals:4)
  A harpy zombie (Shoals:4)
  4 moth of wrath zombies
  A hydra zombie (Lair:5)
  7 spectral merfolk (Shoals:4)
  11 spectral elves
  3 ettin zombies
  2 guardian serpent zombies (Snake:4)
  2 boulder beetle zombies
  A spectral manticore (Shoals:4)
  9 slime creature zombies
  5 black mamba zombies
  2 humans (Lair:3)
  A spectral hell beast (Depths:4)
  2 two-headed ogre zombies (D:11)
  13 elf zombies
  2 merfolk zombies (Shoals:4)
  22 deep troll zombies
  An entropy weaver zombie (Vaults:3)
  5 ogre zombies
  An acid dragon (D:13)
  A cane toad zombie (Lair:2)
  A water moccasin (Lair:3)
  A hornet zombie (D:11)
  2 blink frog zombies
  3 elephant zombies
  A manticore zombie (Shoals:4)
  A hog zombie (Lair:3)
  19 human zombies
  A spectral chaos spawn (Lair:5)
  5 salamander zombies
  2 komodo dragon zombies (Lair:5)
  8 yaktaur zombies
  A warg zombie (Lair:5)
  A cyclops zombie (D:11)
  2 polar bear zombies (Lair:5)
  A water moccasin zombie (Lair:5)
  4 yak zombies
  2 troll zombies (D:11)
  2 wolf zombies
  3 bullfrog zombies
  2 basilisk zombies
  A black bear zombie (D:10)
  A scorpion zombie (D:5)
  8 killer bee zombies
  8 naga zombies
  An acid dragon zombie (D:11)
  A howler monkey zombie (D:12)
  An iguana zombie (D:6)
  35 orc zombies
  3 spectral white imps
  An adder zombie (D:3)
  An orc (Vaults:5)
  A bat zombie (D:3)
  2 gnoll zombies (D:6)
  A ball python zombie (D:3)
  A bombardier beetle zombie (D:6)
  A giant cockroach zombie (D:3)
  4 goblin zombies
  A hobgoblin zombie (D:3)
  5 kobold zombies
  A spectral orc (Orc:1)
  5 spectral ufetubi
  A ball lightning (D:14)
  5 tentacles (Shoals:4)
368 creatures vanquished.

Grand Total: 2432 creatures vanquished

Notes
Turn   | Place    | Note
-------+----------+-------------------------------------------
     0 | D:1      | riceblast the Octopode Wanderer began the quest for the
                  | Orb.
     0 | D:1      | riceblast set off with the following items: a +0 flail, a
                  | scroll of vulnerability, a wand of flame (4), a potion of
                  | curing {@q1}.
     0 | D:1      | Reached XP level 1. HP: 14/14 MP: 1/1
    81 | D:1      | Reached XP level 2. HP: 13/20 MP: 2/2
   157 | D:1      | Reached skill level 1 in Dodging
   250 | D:1      | Reached XP level 3. HP: 22/26 MP: 3/3
   871 | D:2      | Found Jilivoc's Antique Armour Shoppe.
   882 | D:2      | Reached XP level 4. HP: 27/33 MP: 4/4
   931 | D:2      | Reached skill level 2 in Dodging
  1208 | D:3      | Found a white marble altar of Elyvilon.
  1342 | D:3      | Reached XP level 5. HP: 32/36 MP: 3/5
  1416 | D:4      | Noticed Natasha
  1501 | D:4      | Killed Natasha
  1666 | D:4      | Found a basalt altar of Yredelemnul.
  1805 | D:4      | Became a worshipper of Yredelemnul the Fallen
  1915 | D:4      | Found a staircase to the Ecumenical Temple.
  1966 | D:4      | Noticed a phantom
  1978 | D:4      | Killed a phantom
  1979 | D:4      | Reached skill level 5 in Fighting
  1979 | D:4      | Reached skill level 3 in Dodging
  1979 | D:4      | Reached XP level 6. HP: 34/45 MP: 3/6
  2143 | D:4      | Noticed Blork the orc
  2149 | D:4      | Killed Blork the orc
  2274 | D:4      | Noticed Natasha
  2282 | D:4      | Killed Natasha
  2327 | D:4      | Noticed Natasha
  2332 | D:4      | Killed Natasha
  2449 | D:3      | Noticed Robin
  2607 | D:3      | Killed Robin
  2795 | D:3      | Found a faded altar of an unknown god.
  2795 | D:3      | Found a faded altar of an unknown god.
  2801 | D:3      | Found a snail-covered altar of Cheibriados.
  2804 | D:3      | Found a glowing golden altar of the Shining One.
  2805 | D:3      | Found a hazy altar of Hepliaklqana.
  2842 | D:3      | Reached XP level 7. HP: 39/52 MP: 4/7
  3128 | D:5      | Entered Level 5 of the Dungeon
  3291 | D:5      | Reached skill level 4 in Dodging
  3762 | D:5      | Reached XP level 8. HP: 49/60 MP: 5/8
  3897 | D:5      | Reached skill level 5 in Dodging
  4191 | D:5      | Reached * piety under Yredelemnul
  4415 | D:5      | Found a stormy altar of Qazlal.
  4515 | D:6      | Noticed Eustachio
  4538 | D:6      | Reached skill level 6 in Dodging
  4540 | D:6      | Killed Eustachio
  4541 | D:6      | Reached XP level 9. HP: 30/68 MP: 5/9
  5442 | D:6      | Found a blossoming altar of Fedhas.
  5512 | D:7      | Found a radiant altar of Vehumet.
  5533 | D:7      | Reached ** piety under Yredelemnul
  5534 | D:7      | Reached skill level 1 in Axes
  5535 | D:7      | Reached skill level 10 in Fighting
  5535 | D:7      | Reached skill level 1 in Invocations
  5583 | D:7      | Reached skill level 7 in Dodging
  5851 | D:7      | Noticed Maggie
  5853 | D:7      | Maggie changed into Maggie the acid dragon
  5853 | D:7      | Noticed Maggie
  5863 | D:7      | Killed Maggie the acid dragon
  6851 | D:8      | Identified the +1 robe of the Shore {Archmagi}
  6987 | D:8      | Found a runed translucent door.
  7049 | D:8      | Reached XP level 10. HP: 57/76 MP: 9/12
  7158 | D:8      | Noticed fly's ghost (novice KoDe)
  7407 | D:8      | Reached skill level 5 in Axes
  7714 | D:8      | Learned a level 2 spell: Blink
  7743 | D:9      | Reached skill level 1 in Translocations
  7755 | D:9      | Found a staircase to the Lair.
  7851 | D:9      | Reached skill level 1 in Spellcasting
  8062 | D:9      | Found an iron altar of Okawaru.
  8127 | D:9      | Reached skill level 8 in Dodging
  8168 | D:9      | Found Dofafom's Weapon Shop.
  8464 | D:10     | Entered Level 10 of the Dungeon
  8490 | D:10     | Reached skill level 1 in Short Blades
  8501 | D:10     | Noticed a two-headed ogre
  8507 | D:10     | Killed a two-headed ogre
  8665 | D:10     | Noticed a stone giant
  8682 | D:10     | Noticed a green ugly thing
  8741 | D:10     | Noticed a boulder beetle
  8772 | D:10     | Killed a boulder beetle
  8897 | D:10     | Killed a green ugly thing
  8898 | D:10     | Reached XP level 11. HP: 78/81 MP: 13/15
  8952 | D:10     | Reached skill level 5 in Translocations
  8975 | D:10     | Killed a stone giant
  8976 | D:10     | Reached skill level 5 in Short Blades
  9060 | D:10     | Identified the ring "Zaraxory" {Int+2 SInv}
  9060 | D:10     | Noticed a centaur warrior
  9352 | D:10     | Killed a centaur warrior
  9353 | D:10     | Reached skill level 9 in Dodging
  9658 | D:10     | Reached *** piety under Yredelemnul
  9793 | D:10     | Found a runed translucent door.
  9794 | D:10     | Noticed ongoing's ghost (journeyman CoHu)
  9899 | D:10     | Identified the +9 trident of Flawed Execution {freeze,
                  | Int+2}
  9958 | D:10     | Learned a level 5 spell: Borgnjor's Vile Clutch
  9960 | D:10     | Learned a level 1 spell: Apportation
  9961 | D:11     | Noticed a two-headed ogre
  9966 | D:11     | Killed a two-headed ogre
  9983 | D:11     | Noticed a cyclops
  9988 | D:11     | Noticed a cyclops
 10001 | D:11     | Noticed a cyclops
 10152 | D:11     | Noticed a manticore
 10199 | D:11     | Noticed an orc knight
 10208 | D:11     | Noticed a cyclops
 10211 | D:11     | Killed an orc knight
 10230 | D:11     | Killed a cyclops
 10368 | D:11     | Noticed a cyclops
 10460 | D:11     | Noticed a two-headed ogre
 10464 | D:11     | Killed a cyclops
 10465 | D:11     | Reached skill level 10 in Dodging
 10467 | D:11     | Noticed a boulder beetle
 10472 | D:11     | Killed a two-headed ogre
 10477 | D:11     | Reached XP level 12. HP: 57/87 MP: 11/16
 10481 | D:11     | Killed a boulder beetle
 10709 | D:11     | Noticed a centaur warrior
 10727 | D:11     | Killed a centaur warrior
 10728 | D:11     | Reached skill level 10 in Short Blades
 11238 | D:11     | Noticed a two-headed ogre
 11245 | D:11     | Killed a two-headed ogre
 11246 | D:11     | Reached skill level 11 in Dodging
 11386 | D:11     | Reached **** piety under Yredelemnul
 12470 | D:9      | Bought the +8 Vampire's Tooth {megavamp} for 780 gold
                  | pieces
 12470 | D:9      | Found the +8 Vampire's Tooth {megavamp}
 12576 | Lair:1   | Entered Level 1 of the Lair of Beasts
 12647 | Lair:1   | Reached skill level 1 in Shapeshifting
 12955 | Lair:1   | Reached XP level 13. HP: 93/93 MP: 17/17
 13622 | Lair:2   | Found a staircase to the Snake Pit.
 13683 | Lair:2   | Reached skill level 12 in Dodging
 13766 | Lair:2   | Reached ***** piety under Yredelemnul
 13776 | Lair:2   | Found a frozen archway.
 13793 | IceCv    | Entered an ice cave
 15481 | Lair:2   | Reached skill level 1 in Shields
 15872 | Lair:3   | Found a dark tunnel.
 15877 | Volcano  | Entered a volcano
 15899 | Volcano  | Reached XP level 14. HP: 104/104 MP: 18/18
 15938 | Volcano  | Found a burning altar of Makhleb.
 16120 | Lair:3   | Reached skill level 5 in Shapeshifting
 16214 | Lair:3   | Noticed Kirke
 16227 | Lair:3   | Killed Kirke
 16723 | Lair:3   | Found a staircase to the Shoals.
 17162 | Lair:4   | Got the Precepts of the Crushed Moons
 17463 | Lair:4   | Reached skill level 5 in Shields
 18062 | Lair:5   | Entered Level 5 of the Lair of Beasts
 18068 | Lair:5   | Noticed Sonja
 18077 | Lair:5   | Killed Sonja
 18078 | Lair:5   | Reached skill level 13 in Dodging
 18349 | Lair:5   | Reached XP level 15. HP: 112/112 MP: 19/19
 18355 | Lair:5   | Reached ****** piety under Yredelemnul
 18446 | Lair:5   | Found an opulent altar of Gozag.
 18455 | Lair:5   | Your ally Sonja died
 18588 | Lair:5   | Found a staircase to the Slime Pits.
 18589 | Lair:5   | Found a viscous altar of Jiyva.
 18630 | Lair:5   | Noticed Urug
 18637 | Lair:5   | Killed Urug
 19272 | Lair:5   | Found a corrupted altar of Lugonu.
 19272 | Lair:5   | Found a one-way gate to the infinite horrors of the Abyss.
 19573 | D:12     | Identified the +5 double sword "Vafaen Acemp" {distort,
                  | rCorr Stlth+}
 19573 | D:12     | Noticed an orc warlord
 19693 | D:12     | Killed an orc warlord
 19798 | D:12     | Reached skill level 15 in Fighting
 19951 | D:12     | Got the Volume of Syndicated Battle Magic
 19958 | D:12     | Noticed Frances
 19966 | D:12     | Killed Frances
 19966 | D:12     | Bound Frances
 20353 | D:12     | Found a portal to a secret trove of treasure.
 20418 | D:12     | Reached skill level 14 in Dodging
 20564 | D:12     | Noticed Nergalle
 20569 | D:12     | Killed Nergalle
 20575 | D:12     | Reached XP level 16. HP: 122/122 MP: 15/20
 20652 | D:12     | Found a staircase to the Orcish Mines.
 20868 | D:12     | Noticed Snorg
 20880 | D:12     | Killed Snorg
 21345 | D:13     | Found a gate to the Vaults.
 21725 | D:13     | Found a glowing silver altar of Zin.
 22330 | D:14     | Found Qabeaf's Jewellery Shoppe.
 22401 | D:14     | Upgraded the game from 0.32-a0-427-g448f42529f to
                  | 0.32-a0-441-gaf4921d101
 23013 | D:15     | Entered Level 15 of the Dungeon
 23367 | D:15     | Found a staircase to the Depths.
 23964 | D:8      | Killed fly's ghost
 24124 | D:14     | Bought a +5 ring of evasion for 576 gold pieces
 24124 | D:14     | Bought a +5 ring of evasion for 576 gold pieces
 24176 | Orc:1    | Entered Level 1 of the Orcish Mines
 24188 | Orc:1    | Reached skill level 15 in Dodging
 24415 | Orc:2    | Entered Level 2 of the Orcish Mines
 24569 | Orc:2    | Found Abban's Jewellery Boutique.
 24577 | Orc:2    | Bought a ring of protection from fire for 350 gold pieces
 24830 | Orc:2    | Reached XP level 17. HP: 106/132 MP: 17/21
 25230 | Orc:2    | Found a staircase to the Elven Halls.
 25386 | Orc:2    | Found a roughly hewn altar of Beogh.
 25458 | Orc:2    | Found Egrihin's General Store.
 25459 | Orc:2    | Found Hiwam's Book Emporium.
 25460 | Orc:2    | Found Kenen's Antique Armour Emporium.
 25460 | Orc:2    | Found Wagoak's Antique Weapon Shoppe.
 25474 | Orc:2    | Bought a scroll of identify for 28 gold pieces
 26096 | D:14     | Bought a +4 ring of protection for 576 gold pieces
 26216 | Elf:1    | Entered Level 1 of the Elven Halls
 26265 | Elf:1    | Found a radiant altar of Vehumet.
 26289 | Elf:1    | Reached skill level 5 in Invocations
 26292 | Elf:1    | Reached skill level 10 in Shapeshifting
 26709 | Elf:1    | Noticed Jorgrun
 26722 | Elf:1    | Killed Jorgrun
 26812 | Elf:1    | Got Onedula's Compilation of Leadership
 27455 | Elf:2    | Found a runed translucent door.
 27455 | Elf:2    | Noticed Yphese Lihe's ghost (adept MiFi)
 27685 | Elf:2    | Reached skill level 5 in Stealth
 27768 | Elf:2    | Reached XP level 18. HP: 86/141 MP: 15/24
 27781 | Elf:2    | Found a runed translucent gate.
 27781 | Elf:2    | Found a runed translucent gate.
 27781 | Elf:2    | Found a runed translucent gate.
 28347 | Elf:2    | Noticed a deep elf blademaster
 28384 | Elf:3    | Entered Level 3 of the Elven Halls
 28475 | Elf:3    | Noticed a deep elf master archer
 28498 | Elf:3    | Killed a deep elf master archer
 28754 | Elf:3    | Reached skill level 16 in Dodging
 28757 | Elf:3    | Paralysed by an air elemental for 1 turns
 28760 | Elf:3    | Paralysed by an air elemental for 1 turns
 28992 | Elf:3    | Noticed a deep elf blademaster
 29006 | Elf:3    | Identified the +0 robe of Love and Death {Str+7 Int-5}
 29006 | Elf:3    | Identified the amulet "Jiov" {Acrobat Str+4 Dex+3}
 29017 | Elf:3    | Noticed a deep elf master archer
 29027 | Elf:3    | Killed a deep elf master archer
 29560 | Elf:3    | Noticed a Hell Sentinel
 29621 | Elf:3    | Killed a deep elf blademaster
 29864 | Elf:3    | Found the ring of the Octopus King {Wiz HP+2 AC+2 EV+2
                  | SH+2}
 29883 | Abyss:3  | Cast into level 3 of the Abyss (a deep elf sorcerer)
 29982 | Abyss:3  | Got an abyssal rune of Zot
 30062 | Elf:3    | Escaped the Abyss
 30084 | Elf:3    | Reached skill level 10 in Invocations
 30155 | Elf:3    | Identified the +3 sling of Havoc {drain, Str+6}
 30177 | Elf:3    | Got the Catalogue of Rocky Rallying
 30560 | D:14     | Bought a +6 ring of dexterity for 576 gold pieces
 30691 | D:10     | Killed ongoing's ghost
 30858 | Shoals:1 | Entered Level 1 of the Shoals
 30939 | Shoals:1 | Found Hoplyor's Firing Range.
 30954 | Shoals:1 | You fall into a shaft and drop 1 floor!
 30978 | Shoals:2 | Identified the serpent talisman of Beyond {Int+3}
 30978 | Shoals:2 | Noticed Aizul
 30988 | Shoals:2 | Killed Aizul
 31147 | Shoals:1 | Bought a throwing net for 33 gold pieces
 31147 | Shoals:1 | Bought a throwing net for 33 gold pieces
 31779 | Shoals:2 | Reached XP level 19. HP: 149/149 MP: 26/26
 32663 | Shoals:4 | Entered Level 4 of the Shoals
 32710 | Shoals:4 | Identified the ring "Ofeniwk" {*Slow rCorr Str+5}
 32984 | Shoals:4 | Got a barnacled rune of Zot
 33030 | Shoals:4 | Identified the ring "Wiohehex" {rF+++ rN+ MP+9 Str-3 Dex+2}
 33692 | Snake:1  | Entered Level 1 of the Snake Pit
 33770 | Snake:1  | Found Efopol Gosa's Armour Emporium.
 34692 | Snake:2  | Noticed Vashnia
 34713 | Snake:2  | Killed Vashnia
 34826 | Snake:2  | Reached XP level 20. HP: 156/156 MP: 27/27
 34899 | Snake:2  | Found Sohu's Jewellery Shop.
 34899 | Snake:2  | Found Domu's Book Shoppe.
 34901 | Snake:2  | Found Vaodit's Jewellery Shop.
 35097 | Snake:2  | Found a hide-covered altar of Uskayaw.
 35707 | Snake:3  | Reached skill level 10 in Shields
 35715 | Snake:3  | Identified the +0 spear of Vanity {holy, Int+4}
 36169 | Snake:4  | Entered Level 4 of the Snake Pit
 36183 | Snake:4  | Reached skill level 15 in Shapeshifting
 36253 | Snake:4  | Found Xum Ocoi's Book Shoppe.
 36267 | Snake:4  | Found a sacrificial altar of Ru.
 36484 | Snake:4  | Got a serpentine rune of Zot
 37075 | Vaults:1 | Entered Level 1 of the Vaults
 37490 | Vaults:1 | Reached XP level 21. HP: 162/162 MP: 28/28
 37969 | Vaults:1 | Reached skill level 15 in Shields
 38017 | Vaults:1 | Found Lese's Antique Weapon Shop.
 38102 | Vaults:1 | Found Iwni's Weapon Shoppe.
 38160 | Vaults:1 | Got Tattux's Incunabulum of Obstruction
 38363 | Vaults:2 | Reached skill level 5 in Evocations
 38527 | Vaults:2 | Found a staircase to the Crypt.
 38527 | Vaults:2 | Found an ancient bone altar of Kikubaaqudgha.
 38527 | Vaults:2 | Found a basalt altar of Yredelemnul.
 38905 | Vaults:2 | Found Neage's Magic Scroll Emporium.
 38913 | Vaults:2 | Bought a scroll of blinking for 90 gold pieces
 38913 | Vaults:2 | Bought a scroll of fear for 48 gold pieces
 38913 | Vaults:2 | Bought a scroll of teleportation for 36 gold pieces
 39548 | Vaults:3 | Reached skill level 17 in Dodging
 39569 | Vaults:3 | Noticed Xtahua
 39581 | Vaults:3 | Killed Xtahua
 39613 | Vaults:3 | Reached XP level 22. HP: 171/171 MP: 29/29
 39694 | Vaults:3 | Your ally Xtahua died
 41196 | Vaults:5 | Entered Level 5 of the Vaults
 41408 | Vaults:5 | Noticed an ancient lich
 41426 | Vaults:5 | Killed an ancient lich
 41456 | Vaults:5 | Found Wyeck's Magic Scroll Shoppe.
 41456 | Vaults:5 | Found Orap's Distillery.
 41463 | Vaults:5 | Bought a scroll of fog for 72 gold pieces
 41463 | Vaults:5 | Bought a scroll of teleportation for 54 gold pieces
 41491 | Vaults:5 | Noticed an ancient lich
 41497 | Vaults:5 | Identified the orb "Ferum" {*channel, *Slow rPois Int-3
                  | Dex+7}
 41497 | Vaults:5 | Noticed Frederick
 41507 | Vaults:5 | Reached skill level 18 in Dodging
 41507 | Vaults:5 | Killed an ancient lich
 41523 | Vaults:5 | Killed Frederick
 41523 | Vaults:5 | Bound Frederick
 41532 | Vaults:5 | Reached XP level 23. HP: 180/180 MP: 22/30
 41534 | Vaults:5 | Noticed a dread lich
 41534 | Vaults:5 | Noticed a dread lich
 41539 | Vaults:5 | Noticed a dread lich
 41545 | Vaults:5 | Reached skill level 10 in Evocations
 41548 | Vaults:5 | Killed a dread lich
 41555 | Vaults:5 | Killed a dread lich
 41560 | Vaults:5 | Killed a dread lich
 41589 | Vaults:5 | Your ally Frederick died
 41714 | Vaults:5 | Bought a potion of cancellation for 176 gold pieces
 41714 | Vaults:5 | Bought a potion of might for 88 gold pieces
 41714 | Vaults:5 | Bought a potion of cancellation for 176 gold pieces
 41714 | Vaults:5 | Bought a potion of heal wounds for 110 gold pieces
 41714 | Vaults:5 | Bought a potion of curing for 66 gold pieces
 41714 | Vaults:5 | Bought a potion of cancellation for 176 gold pieces
 41714 | Vaults:5 | Bought a potion of resistance for 220 gold pieces
 41714 | Vaults:5 | Bought a potion of curing for 66 gold pieces
 41734 | Vaults:5 | Found Kasog's Distillery.
 41738 | Vaults:5 | Bought a potion of mutation for 120 gold pieces
 41738 | Vaults:5 | Bought a potion of curing for 45 gold pieces
 41738 | Vaults:5 | Bought a potion of curing for 45 gold pieces
 41738 | Vaults:5 | Bought a potion of curing for 45 gold pieces
 41761 | Vaults:5 | Found Xuppit's Jewellery Boutique.
 41769 | Vaults:5 | Found Qouhunil's Jewellery Shoppe.
 41778 | Vaults:5 | Found Xast's Book Boutique.
 41793 | Vaults:5 | Found Jazal's Antique Weapon Shoppe.
 42202 | Vaults:5 | Found Utrarod's Distillery.
 42209 | Vaults:5 | Bought a potion of experience for 600 gold pieces
 42209 | Vaults:5 | Bought a potion of cancellation for 96 gold pieces
 42209 | Vaults:5 | Bought a potion of curing for 36 gold pieces
 42209 | Vaults:5 | Bought a potion of curing for 36 gold pieces
 42209 | Vaults:5 | Bought a potion of curing for 36 gold pieces
 42209 | Vaults:5 | Bought a potion of curing for 36 gold pieces
 42209 | Vaults:5 | Reached skill level 19 in Dodging
 42209 | Vaults:5 | Reached XP level 24. HP: 189/189 MP: 30/30
 42352 | Vaults:5 | Got a silver rune of Zot
 42752 | Depths:1 | Entered Level 1 of the Depths
 42846 | Depths:1 | Identified the ring of the Sky {Wiz rElec}
 42909 | Depths:1 | Noticed Norris
 42916 | Depths:1 | Killed Norris
 42990 | Depths:1 | Noticed the Enchantress
 42998 | Depths:1 | Reached skill level 20 in Dodging
 43010 | Depths:1 | Killed the Enchantress
 43267 | Depths:1 | Your ally Enchantress spriggan zombie died
 43421 | Depths:1 | Found a gateway to Hell.
 43551 | Depths:1 | Found a basalt altar of Yredelemnul.
 43800 | Depths:2 | Found a shadowy altar of Dithmenos.
 43817 | Depths:2 | Reached XP level 25. HP: 195/195 MP: 30/30
 43823 | Depths:2 | Noticed Sojobo
 43831 | Depths:2 | Killed Sojobo
 43837 | Depths:2 | Reached skill level 21 in Dodging
 43840 | Depths:2 | Your ally Sojobo died
 43866 | Depths:2 | Found a one-way gateway to a ziggurat.
 44318 | Depths:2 | Reached skill level 22 in Dodging
 44524 | Depths:2 | Found a one-way gate leading to the halls of Pandemonium.
 44629 | Depths:3 | Found a flickering gateway to a bazaar.
 44666 | Bazaar   | Entered a bazaar
 44666 | Bazaar   | Found Iqyreic's General Store.
 44666 | Bazaar   | Found Hinojot's Book Emporium.
 44674 | Bazaar   | Bought a scroll of teleportation for 57 gold pieces
 44674 | Bazaar   | Bought a scroll of fog for 76 gold pieces
 44839 | Depths:3 | Reached skill level 23 in Dodging
 45267 | Depths:4 | Entered Level 4 of the Depths
 45362 | Depths:4 | Identified the +2 spear of the Establishment {protect, rC+
                  | Str+3 Dex+5}
 45443 | Depths:4 | Found Teuwiem's Armour Boutique.
 45663 | Depths:4 | Identified the staff of the Blowfly {rC+ Int+5 Stlth+ Ice}
 45663 | Depths:4 | Identified the ring "Guzoh" {Ice rElec Int+2}
 45663 | Depths:4 | Noticed Josephina
 45677 | Depths:4 | Killed Josephina
 45678 | Depths:4 | Reached XP level 26. HP: 201/201 MP: 30/30
 45760 | Depths:4 | Found a gate to the Realm of Zot.
 45902 | Depths:4 | Reached skill level 15 in Short Blades
 46633 | Snake:2  | Bought a +6 ring of dexterity for 504 gold pieces
 46633 | Snake:2  | Bought a +6 ring of dexterity for 504 gold pieces
 46633 | Snake:2  | Bought an amulet of regeneration for 420 gold pieces
 47335 | Zot:1    | Entered Level 1 of the Realm of Zot
 47348 | Zot:1    | Learned a level 4 spell: Manifold Assault
 47353 | Zot:1    | Learned a level 4 spell: Vhi's Electric Charge
 47399 | Zot:1    | Reached skill level 1 in Air Magic
 47399 | Zot:1    | Reached skill level 1 in Earth Magic
 47464 | Zot:2    | Reached skill level 5 in Spellcasting
 47780 | Zot:5    | Entered Level 5 of the Realm of Zot
 48063 | Zot:5    | Reached skill level 5 in Air Magic
 48074 | Zot:5    | Got a prismatic gem with 15 turns to spare
 48095 | Zot:5    | Reached skill level 5 in Earth Magic
 48116 | Zot:5    | Noticed an orb of fire
 48123 | Zot:5    | Killed an orb of fire
 48124 | Zot:5    | Noticed an orb of fire
 48124 | Zot:5    | Noticed a dread lich
 48133 | Zot:5    | Noticed a dread lich
 48134 | Zot:5    | Noticed an ancient lich
 48135 | Zot:5    | Noticed a Killer Klown
 48136 | Zot:5    | Noticed a Killer Klown
 48137 | Zot:5    | Noticed an orb of fire
 48138 | Zot:5    | Noticed a Killer Klown
 48138 | Zot:5    | Noticed an ancient lich
 48142 | Zot:5    | Killed a dread lich
 48154 | Zot:5    | Killed an ancient lich
 48164 | Zot:5    | Killed a Killer Klown
 48173 | Zot:5    | Killed a Killer Klown
 48189 | Zot:5    | Killed an ancient lich
 48207 | Zot:5    | Reached XP level 27. HP: 207/207 MP: 32/32
 48251 | Zot:5    | Noticed an ancient lich
 48252 | Zot:5    | Noticed an orb of fire
 48263 | Zot:5    | Noticed a dread lich
 48265 | Zot:5    | Killed an orb of fire
 48268 | Zot:5    | Killed a dread lich
 48274 | Zot:5    | Killed an ancient lich
 48277 | Zot:5    | Noticed a dread lich
 48286 | Zot:5    | Killed a dread lich
 48288 | Zot:5    | Noticed a dread lich
 48288 | Zot:5    | Paralysed by a dread lich for 3 turns
 48293 | Zot:5    | Killed a dread lich
 48297 | Zot:5    | Killed a dread lich
 48307 | Zot:5    | Reached skill level 10 in Translocations
 48308 | Zot:5    | Noticed a dread lich
 48312 | Zot:5    | Noticed an ancient lich
 48314 | Zot:5    | Killed a dread lich
 48319 | Zot:5    | Killed an ancient lich
 48752 | Zot:5    | Got the Orb of Zot
 48759 | Zot:5    | Gained mutation: One of your tentacles bears a spike. [an
                  | orb of fire]
 48761 | Zot:5    | Noticed Zonywkul the pandemonium lord
 48764 | Zot:5    | Killed an orb of fire
 48770 | Zot:5    | Killed Zonywkul the pandemonium lord
 48771 | Zot:5    | Reached skill level 15 in Evocations
 48786 | Zot:5    | Gained mutation: Your magical capacity is low. (-10% MP)
                  | [an orb of fire]
 48900 | Depths:4 | Noticed Foank the pandemonium lord
 49080 | D:14     | Noticed Reto the pandemonium lord
 49375 | D:$      | Escaped with the Orb!

Illustrated notes

Levels and vault maps discovered:
D:1:      minmay_arrival_semitransparent, layout_basic
D:2:      layout_rooms, serial_shops, shop
D:3:      layout_basic, lemuel_crystal_altar,
          chequers_temple_overflow_minitemple, uniq_robin
D:4:      layout_loops_ring, lemuel_doored_altar,
          minmay_temple_entry_butterflies, minmay_gold_behind_fungi,
          chequers_serial_rivers_room_a, uniq_blork_the_orc, uniq_natasha
D:5:      layout_loops_cross, nicolae_qazlal_eye_of_the_storm
D:6:      layout_rooms, mainiacjoe_overflow_alcove_4, uniq_eustachio
D:7:      layout_gridville, vehumet_crystals, uniq_maggie
D:8:      layout_gridville, hellmonk_ghost_big_iron
D:9:      layout_cave_pools, okawaru_ov_weapons_minmay, lair_entry_dummy,
          chequers_serial_rivers_micro_b, nicolae_inconvenience_store
D:10:     layout_gridville, ebering_ghost_funeral_grove, minmay_crystal_room,
          nicolae_doodle_vault
D:11:     minmay_the_grid_net [minmay_the_grid_rooms,
          minmay_the_grid_outer_diamond, minmay_the_grid_minigrid_small_alt,
          minmay_the_grid_odd_star, minmay_the_grid_empty,
          minmay_the_grid_prize_big_room], layout_rooms,
          nicolae_have_a_lightning_rod
D:12:     minmay_heptahexagon, layout_grid_maze, orc_0_dummy,
          nicolae_trove_entry_columns, uniq_snorg, uniq_frances, uniq_nergalle
D:13:     layout_loops_corners, hangedman_vaults_entry_quadrant_bands,
          minmay_misc_feat_tower, zin_scriptorium
D:14:     layout_rooms, serial_aquarium, aquarium_bridge_square
          [aquarium_subvault_window, aquarium_subvault_bridge,
          aquarium_subvault_balcony, aquarium_subvault_wall],
          aquarium_bridge_square [aquarium_subvault_bridge,
          aquarium_subvault_balcony, aquarium_subvault_wall,
          aquarium_subvault_bridge], aquarium_window_corner,
          aquarium_window_corner, aquarium_view_2d, aquarium_balcony_5a,
          aquarium_pool_1, serial_shops, shop, minmay_checkerbox
D:15:     gammafunk_depths_entry_grave, layout_basic, serial_corexii_hall,
          corexii_hall_statues_s, chequers_hall_statues_wall_a
Lair:1:   layout_roguey, pond
Lair:2:   layout_long_grid, guppyfry_snake_entry_garden,
          portal_ice_cave_entry_ice_simulacra, serial_bayou_pond_c,
          minivault_27, minmay_holes, minivault_27, pdpol_lair_neglected_garden,
          wad_woods_06
Lair:3:   layout_regular_city, elwin_shoals_entry_rooms, enter_volcano_4,
          dpeg_oklob_1, uniq_kirke
Lair:4:   layout_regular_city, minmay_lair_drake_nest, serial_bayou_shore_b
Lair:5:   hellmonk_lair_end_abyssal_woods, layout_long_grid,
          minmay_slime_entry_eyes, basic_altar, minmay_stone_trees_small,
          grunt_megastairs_1, lemuel_fruit_tree, uniq_sonja, uniq_urug
Shoals:1: layout_shoals, nicolae_shop_firing_range
Shoals:2: layout_shoals, uniq_aizul
Shoals:3: layout_shoals, argonaut_gorgonesque
Shoals:4: shoals_end_grunt_garden, layout_shoals
Snake:1:  layout_cave_shapes, serial_shops, nicolae_shop_statue_plus
Snake:2:  layout_layer_cave, basic_altar, hangedman_snake_corridor_cut,
          minmay_shop_grove, serial_bayou_shore_a, uniq_vashnia
Snake:3:  layout_misc_corridors, nicolae_integral_box
Snake:4:  grunt_snake_rune_pools, layout_cave_town, serial_shops,
          nicolae_shop_hallway_plus, basic_altar
Orc:1:    layout_caves
Orc:2:    st_orc_congregation, layout_diamond_mine, serial_shops, shop,
          special_room, minmay_orc_temple_b
Elf:1:    eino_elf_arrival_altar, layout_onion_city, serial_glass,
          glass_columns_a, glass_columns_a, minmay_elf_demonology, minivault_16,
          uniq_jorgrun
Elf:2:    nicolae_elf_blades_splatter_lattice [nicolae_blade_bullseye],
          layout_loops_cross, hellmonk_ghost_happy_afterlife,
          nicolae_elf_stair_hall, uniq_asterion
Elf:3:    minmay_elf_hall_x, layout_geoelf_diagonals
Vaults:1: nicolae_vaults_taking_the_gang_shopping, hangedman_vaults_pinch,
          nicolae_vaults_closet_pinwheel_1, nicolae_vaults_trapezoid_2,
          v_rooms_1, nicolae_vaults_what_the_h,
          nicolae_vaults_trapezoid_lopsided_3,
          nicolae_vaults_variable_pillar_hall, nicolae_vaults_trapezoid_2,
          vaults_mumra_hex, nicolae_vaults_tetromino_T_2, st_octagons_2,
          grunt_vaults_hallway_short, vaults_room_pool, layout_vaults_ring,
          serial_shops, shop
Vaults:2: nicolae_vaults_sightless_eye, minmay_crypt_entry_necro_gods,
          v_misc_28, ontoclasm_vaults_claustrophobia,
          nicolae_vaults_more_shelving_1, nicolae_vaults_offset_grid_hallway_3,
          nicolae_vaults_network_s, nicolae_vaults_yaktaur_gun_rack, v_misc_14,
          layout_vaults_omnicross, serial_shops, shop
Vaults:3: v_misc_33, hangedman_vaults_cutoff, nicolae_vaults_sesquioval_fish,
          nicolae_vaults_gold_heap, hangedman_vaults_trim,
          nicolae_vaults_turnstiles, nicolae_vaults_spaceships,
          nicolae_vaults_tetromino_T_2, layout_vaults_chaotic_city, uniq_xtahua
Vaults:4: nicolae_vaults_offset_grid_hallway_2, nicolae_vaults_octothorpe,
          ontoclasm_vaults_tryst, v_misc_14, ontoclasm_vaults_ligature,
          nicolae_vaults_trapezoid_lopsided_1, nicolae_vaults_little_squares_6,
          vaults_mumra_hexcomb, grunt_vaults_funnel, dpeg_vaults_monster_row,
          v_misc_2, nicolae_vaults_prndl, layout_vaults_omnibox
Vaults:5: uniq_frederick
Depths:1: layout_gridlike, serial_sigils_hangedman_scar,
          pf_vacation_house_of_asmodeus, minmay_curled_crystal,
          minmay_misc_feat_iff, minivault_15,
          yredelemnul_forgotten_temple_becter, uniq_norris, uniq_enchantress
Depths:2: evilmike_pillar_path, layout_cave_shapes, enter_ziggurat_f,
          grunt_pan_entry_in_and_out, grunt_dithmenos_smoke_and_mirrors,
          hell_entry, nicolae_triple_integral, serial_bayou_shore_b,
          infiniplex_staircase_zigzag_4, uniq_sojobo
Depths:3: minmay_angry_zag, layout_cave_pools, serial_shops, bzr_entry_water,
          minmay_misc_feat_rugged, grunt_hell_entry_dis_grunt, abyss_entry,
          kennysheep_generic_room_7
Depths:4: evilmike_zot_entry_round, layout_basic, abyss_entry_glasseish,
          serial_shops, nicolae_shop_real_fake_doors, grunt_mini_vestibule,
          minmay_misc_feat_nine_boxes, minmay_misc_feat_pillars,
          serial_bayou_shore_b, uniq_josephina
Zot:1:    gammafunk_its_a_trap, layout_cathedral_of_symmetry, nicolae_tricolors
Zot:2:    nicolae_zot_stationary_front, layout_gridlike,
          regret_index_zotdec_fiery_em
Zot:3:    layout_gridlike, regret_index_zotdec_magical_s
Zot:4:    layout_twisted_circle
Zot:5:    layout_twisted_circle, grunt_ministairs_1, skrybe_zot_glass_1

Skill      XL: |  1  2  3  4  5  6  7  8  9 10 11 12 13 14 15 16 17 18 19 20 21 22 23 24 25 26 27 |
---------------+----------------------------------------------------------------------------------+-----
Dodging        | 1 2 3 4 6 7 8 10 11 12 13 14 15 16 17 18 19 20 23 | 23.0
Fighting       | 3 4 5 6 7 9 10 12 13 15 17 18 19 20 21 22 | 22.0
Axes           | 4 5 |  5.9
Invocations    | 3 8 10 | 10.0
Translocations | 4 5 7 9 10 | 10.8
Spellcasting   | 2 3 4 6 8 |  8.0
Short Blades   | 4 8 11 12 13 14 16 17 | 17.9
Shapeshifting  | 1 4 6 7 9 10 11 14 16 | 16.0
Shields        | 1 5 6 9 12 15 | 15.0
Stealth        | 5 7 |  7.0
Evocations     | 6 9 12 14 15 | 15.2
Air Magic      | 6 |  6.0
Earth Magic    | 5 |  5.0
Maces & Flails | |  3.0

Action                     |  1- 3 |  4- 6 |  7- 9 | 10-12 | 13-15 | 16-18 | 19-21 | 22-24 | 25-27 || total
---------------------------+-------+-------+-------+-------+-------+-------+-------+-------+-------++-------
  Melee: Flail             |    54 |   120 |   182 |       |       |       |       |       |       ||   356
         Constrict         |    14 |    25 |    53 |    30 |   103 |   214 |   138 |    77 |   117 ||   771
         Tentacles         |    11 |    24 |    63 |    98 |   468 |   600 |   584 |   396 |   656 ||  2900
         War axe           |       |       |    35 |    85 |       |       |       |       |       ||   120
         Dagger            |       |       |       |     9 |       |       |       |       |       ||     9
         Long sword        |       |       |       |   136 |       |       |       |       |       ||   136
         Quick blade       |       |       |       |    78 |  1299 |  1494 |  1416 |   877 |  1290 ||  6454
         Maw               |       |       |       |       |       |   443 |   203 |       |       ||   646
         Unarmed           |       |       |       |       |       |       |    11 |       |       ||    11
         Rapier            |       |       |       |       |       |       |       |       |    47 ||    47
         Kick              |       |       |       |       |       |       |       |       |    71 ||    71
  Throw: Dart              |       |       |       |    14 |       |       |       |       |       ||    14
         Throwing net      |       |       |       |       |     1 |       |       |       |       ||     1
   Cast: Apportation       |       |       |       |       |     1 |     2 |       |       |       ||     3
         Blink             |       |       |       |       |       |     1 |       |       |       ||     1
         Vhi's Electric Ch |       |       |       |       |       |       |       |       |     7 ||     7
 Invoke: Light the Black T |       |     1 |     4 |     4 |     7 |     9 |     5 |     1 |     6 ||    37
         Recall Undead Har |       |       |     6 |    11 |     2 |    13 |     1 |       |     1 ||    34
         Bind Soul         |       |       |       |       |     1 |     2 |     1 |     2 |       ||     6
         Fathomless Shackl |       |       |       |       |       |     1 |       |     2 |     1 ||     4
  Evoke: Wand              |       |     2 |     4 |    31 |       |     4 |       |       |       ||    41
         Box of beasts     |       |       |       |       |       |       |       |       |     3 ||     3
         Phantom mirror    |       |       |       |       |       |       |       |       |     2 ||     2
    Use: Scroll            |       |       |     6 |     3 |     7 |    16 |     2 |     1 |    20 ||    55
         Potion            |       |       |       |     1 |     6 |     7 |       |     1 |     5 ||    20
   Stab: Sleeping          |     7 |     8 |    10 |     5 |    15 |    39 |    46 |    16 |    22 ||   168
         Paralysed         |       |       |    10 |    27 |       |     4 |       |       |       ||    41
         Distracted        |       |       |       |    10 |    21 |    16 |    48 |    27 |    43 ||   165
         Invisible         |       |       |       |     4 |       |       |       |       |       ||     4
         Petrifying        |       |       |       |       |     4 |       |       |       |       ||     4
         Petrified         |       |       |       |       |     1 |       |       |       |       ||     1
         Held in net/web   |       |       |       |       |     2 |       |       |       |       ||     2
 Armour: Skin              |    29 |    63 |   107 |   116 |   193 |   168 |   127 |    74 |   123 ||  1000
  Dodge: Dodged            |    48 |    85 |   221 |   232 |   420 |   487 |   635 |   391 |   709 ||  3228
  Block: Buckler           |       |       |       |       |   120 |   230 |   125 |       |       ||   475
         Kite shield       |       |       |       |       |       |       |   798 |   575 |   908 ||  2281
   Form: Beast             |       |       |       |     1 |       |       |       |       |       ||     1
         Maw               |       |       |       |       |       |     1 |       |       |       ||     1
         Statue            |       |       |       |       |       |       |     1 |       |       ||     1

Table legend: (Time is in decaauts)
 A = Elapsed time spent in this place.
 B = Non-inter-level travel time spent in this place.
 C = Inter-level travel time spent in this place.
 D = Time resting spent in this place.
 E = Time spent auto-exploring this place.
 F = Levels seen in this place.
 G = Mean time per level.
                   A        B        C        D        E       F      G
               +--------+--------+--------+--------+--------+-----+--------+
         Total |  55306 |  49176 |   6130 |   5199 |  32115 |  51 | 1084.4 |
       Dungeon |  18934 |  16193 |   2741 |   3038 |   9637 |  15 | 1262.3 |
          Lair |   5206 |   4738 |    468 |     75 |   3725 |   5 | 1041.2 |
        Shoals |   2639 |   2444 |    195 |     32 |   1634 |   4 |  659.8 |
     Snake Pit |   4946 |   4504 |    442 |      0 |   3624 |   4 | 1236.5 |
  Orcish Mines |   2092 |   1515 |    577 |     37 |   1177 |   2 | 1046.0 |
   Elven Halls |   4108 |   3747 |    361 |   1019 |   1811 |   3 | 1369.3 |
        Vaults |   7923 |   7425 |    498 |    150 |   5659 |   5 | 1584.6 |
        Depths |   5565 |   4908 |    657 |      0 |   3690 |   4 | 1391.2 |
           Zot |   2072 |   1885 |    187 |     57 |    780 |   5 |  414.4 |
         Abyss |    141 |    141 |      0 |      6 |      0 |   1 |  141.0 |
        Bazaar |     32 |     32 |      0 |      0 |     24 |   1 |   32.0 |
      Ice Cave |   1440 |   1440 |      0 |    784 |    305 |   1 | 1440.0 |
       Volcano |    203 |    203 |      0 |      0 |     49 |   1 |  203.0 |
               +--------+--------+--------+--------+--------+-----+--------+

Top non-repeatable levels by time:
    D:11: 2763 daAuts
 Snake:2: 1847 daAuts
   Elf:3: 1752 daAuts
    D:10: 1740 daAuts
    D:12: 1739 daAuts
Vaults:5: 1675 daAuts
    D:13: 1656 daAuts
Vaults:2: 1610 daAuts
Vaults:1: 1608 daAuts
Depths:1: 1579 daAuts
Depths:4: 1558 daAuts
Vaults:3: 1533 daAuts
   Orc:2: 1516 daAuts
Vaults:4: 1495 daAuts
Depths:2: 1453 daAuts
